Map: Dreamcatcher LE

Players

Denver

  • Race: Zerg Zerg
  • Spawn Location: 11:00

Reynor - Winner!

  • Race: Zerg Zerg
  • Spawn Location: 5:00

Event: WCS Valencia 2018

VOD

Have the link to the VOD?

Description

Time

  • Played on: July 12, 2018, 10:37 a.m.
  • Length: 10:57

All games in this series

Show
View Real Time Build Order
Export as new Build Order

Denver Zerg 

Build Orders: Hatch First 

Get SALT Encoding   

  12  0:00  Drone  
  13  0:12  Overlord  
  13  0:18  Drone  
  14  0:31  Drone x2  
  14  0:34  Drone  
  17  0:52  Hatchery  
  17  0:55  Drone  
  17  0:59  Drone  
  18  1:09  Extractor  
  17  1:13  Spawning Pool  
  17  1:17  Drone  
  17  1:20  Drone  
  18  1:28  Drone  
  19  1:39  Overlord  
  19  2:00  Zergling x4, Queen  
  23  2:03  Queen  
  23  2:04  Zergling x2  
  26  2:11  Zergling x2  
  26  2:18  Zergling x2  
  26  2:27  Drone  
  26  2:37  Drone  
  25  2:44  Drone  
  25  2:47  Drone  
  28  2:51  Drone  
  28  2:54  Drone  
  28  2:57  Drone  
  30  3:02  Drone  
  31  3:08  Drone  
  31  3:09  Overlord  
  31  3:17  Drone  
  31  3:18  Drone x2  
  34  3:23  Overlord  
  33  3:33  Roach Warren  
  33  3:34  Drone  
  33  3:36  Overlord  
  32  3:52  Overlord  
  32  4:13  Roach x10  
  32  4:16  Roach  
  54  4:20  Roach  
  56  4:26  Zergling x4  
  58  4:35  Drone x3  
  58  4:37  Evolution Chamber  
  58  4:38  Drone x2  
  62  4:44  Lair  
  62  4:46  Drone  
  62  4:48  Drone  
  62  4:52  Extractor x2  
  62  4:56  Overlord  
  62  4:57  Drone  
  62  4:58  Drone  
  64  5:01  Drone  
  64  5:03  Drone  
  66  5:11  Drone x3  
  68  5:14  Zerg Missile Weapons Level 1  
  68  5:15  Overlord  
  68  5:20  Drone x2  
  69  5:25  Drone x3  
  69  5:27  Overlord  
  70  5:39  Hatchery  
  70  5:41  Glial Reconstitution  
  67  5:45  Roach  
  67  5:49  Roach  
  71  5:50  Roach  
  71  5:58  Roach  
  71  5:59  Overlord, Roach  
  71  6:00  Overlord  
  73  6:06  Queen  
  73  6:08  Drone  
  73  6:09  Drone  
  71  6:12  Roach  
  71  6:13  Roach  
  71  6:14  Overseer  
  77  6:18  Roach  
  77  6:19  Roach  
  77  6:24  Roach  
  77  6:25  Roach  
  83  6:29  Roach x2  
  87  6:33  Roach  
  87  6:38  Roach x2  
  93  6:43  Extractor  
  93  6:44  Roach x2  
  96  6:50  Roach x2  
  96  6:52  Overlord  
  100  6:56  Roach x2  
  100  7:00  Drone x2  
  106  7:03  Overlord  
  100  7:11  Roach x4  
  100  7:15  Roach x2  
  100  7:20  Roach x2  
  100  7:22  Roach  
  94  7:28  Roach x3  
  96  7:32  Drone  
  96  7:33  Drone x2  
  96  7:34  Drone  
  100  7:37  Drone x2  
  100  7:38  Drone  
  100  7:39  Drone  
  104  7:45  Zerg Missile Weapons Level 2  
  104  7:49  Roach x2  
  100  7:52  Roach  
  100  7:53  Roach  
  102  8:00  Roach x2  
  102  8:02  Extractor  
  102  8:04  Drone x4  
  109  8:06  Roach  
  109  8:10  Roach x2  
  111  8:13  Roach  
  111  8:14  Roach  
  111  8:18  Roach x2  
  119  8:27  Roach x3  
  120  8:30  Drone  
  120  8:31  Drone x4  
  122  8:35  Overlord  
  122  8:36  Overlord  
  122  8:42  Overlord  
  122  8:47  Overlord  
  122  8:48  Overlord  
  122  8:53  Overlord  
  122  8:55  Drone x5  
  127  9:00  Ravager x5  
  127  9:01  Extractor  
  127  9:02  Roach x2  
  135  9:06  Roach x2  
  137  9:15  Roach x5  
  140  9:18  Roach  
  140  9:23  Roach x3  
  144  9:24  Roach  
  144  9:29  Roach x2  
  148  9:32  Ravager  
  148  9:34  Roach  
  148  9:35  Overlord  
  151  9:39  Roach x3  
  151  9:40  Roach  
  159  9:46  Roach x3  
  159  9:52  Overlord, Roach x2  
  169  10:03  Roach  
  169  10:04  Roach x3  
  177  10:11  Overlord  
  177  10:13  Overlord  
  177  10:15  Overlord  
  177  10:19  Overlord  
  177  10:23  Overlord  
  177  10:27  Overlord  
  175  10:31  Ravager x4  
  179  10:36  Roach x5  
  179  10:42  Overseer  
Show
View Real Time Build Order
Export as new Build Order

Reynor Zerg - Winner!

Build Orders: Pool First 

Get SALT Encoding   

  12  0:18  Spawning Pool  
  11  0:22  Drone  
  11  0:27  Drone  
  13  0:32  Drone  
  14  0:40  Overlord  
  14  1:05  Zergling x4  
  14  1:06  Zergling x2  
  17  1:16  Zergling x2  
  18  1:20  Hatchery  
  17  1:27  Zergling x2  
  18  1:41  Zergling x2, Queen  
  21  1:50  Overlord  
  21  1:59  Drone  
  22  2:10  Drone  
  23  2:17  Queen  
  25  2:23  Drone  
  23  2:31  Drone  
  23  2:32  Drone  
  24  2:42  Drone x2  
  24  2:43  Queen  
  26  2:50  Zergling x2  
  27  2:51  Drone x2  
  27  2:53  Drone  
  27  2:56  Drone  
  31  3:04  Overlord  
  31  3:05  Drone  
  32  3:14  Overlord  
  32  3:22  Extractor x2  
  32  3:23  Drone  
  32  3:25  Drone x2  
  32  3:26  Drone  
  34  3:27  Drone x2  
  38  3:34  Drone x2  
  38  3:36  Evolution Chamber  
  38  3:38  Drone  
  38  3:44  Roach Warren  
  38  3:45  Drone  
  38  3:50  Drone x2  
  40  3:57  Drone x3  
  40  4:01  Overlord  
  43  4:04  Drone  
  44  4:13  Evolution Chamber  
  44  4:16  Drone  
  44  4:17  Overlord  
  44  4:22  Drone x3  
  47  4:25  Drone  
  48  4:31  Spine Crawler  
  48  4:33  Roach x2  
  48  4:35  Roach x2  
  48  4:38  Roach  
  56  4:42  Spine Crawler  
  56  4:44  Roach  
  57  4:47  Roach  
  57  4:50  Overlord  
  60  4:53  Ravager  
  60  4:56  Extractor  
  60  4:57  Ravager  
  60  4:58  Overlord  
  61  5:12  Drone x3  
  61  5:13  Drone x2  
  66  5:14  Roach  
  66  5:15  Extractor  
  66  5:17  Lair  
  66  5:21  Roach  
  69  5:23  Drone x3  
  69  5:24  Drone  
  69  5:25  Roach  
  75  5:28  Extractor  
  75  5:30  Roach  
  76  5:35  Overlord  
  76  5:40  Overlord  
  76  5:48  Zerg Missile Weapons Level 1  
  76  5:54  Roach  
  78  5:57  Roach x2  
  78  6:01  Hatchery  
  78  6:02  Roach x2  
  83  6:07  Roach x2  
  83  6:09  Overlord  
  85  6:17  Glial Reconstitution  
  85  6:20  Roach  
  85  6:21  Roach  
  85  6:23  Overlord  
  85  6:24  Roach  
  91  6:29  Roach x2  
  95  6:33  Roach x2  
  95  6:34  Overlord  
  95  6:35  Drone  
  100  6:41  Overlord  
  100  6:43  Drone x2  
  100  6:44  Drone  
  103  6:48  Zerg Ground Armor Level 1  
  103  6:53  Drone  
  105  6:54  Drone  
  105  6:57  Roach x2  
  109  7:05  Roach x2  
  104  7:09  Roach x3  
  104  7:12  Drone  
  104  7:14  Roach  
  101  7:19  Roach x2  
  99  7:28  Roach x3  
  99  7:29  Roach, Drone  
  96  7:31  Queen  
  96  7:36  Roach x2  
  102  7:46  Roach x3  
  102  7:49  Drone x3  
  108  7:57  Roach x2  
  112  8:00  Extractor  
  112  8:03  Roach x4, Zerg Missile Weapons Level 2  
  119  8:10  Roach x4  
  119  8:12  Roach  
  127  8:16  Overlord  
  125  8:21  Roach  
  127  8:30  Roach x2  
  127  8:33  Roach x3  
  129  8:36  Roach x2  
  133  8:41  Roach x2  
  133  8:43  Overlord  
  133  8:44  Overlord  
  133  8:45  Ravager  
  138  8:51  Overlord  
  138  8:52  Pneumatized Carapace  
  138  8:56  Overlord  
  138  9:01  Roach x4  
  146  9:03  Ravager  
  146  9:05  Ravager  
  146  9:08  Roach x2  
  152  9:11  Roach  
  152  9:21  Roach x4  
  152  9:22  Roach x2  
  162  9:26  Drone x4  
  166  9:34  Ravager x2  
  166  9:38  Roach  
  170  9:40  Overlord  
  170  9:41  Overseer  
  170  9:48  Hatchery  
  170  9:50  Roach  
  170  9:51  Overlord  
  169  9:57  Overlord  
  169  10:00  Roach x4  
  177  10:09  Overlord  
  175  10:14  Roach  
  175  10:15  Roach x8  
  175  10:20  Overlord  
  193  10:24  Overlord  
  193  10:29  Roach  
  193  10:30  Roach  
  193  10:33  Roach  
  199  10:36  Ravager  
Tags
 
Add a new tag
Caveats
  • Supply blocks, unpowered buildings, or Contaminate may cause inaccurate times.
  • Supply counts are checked every 10 seconds.